 Dungeon Crawl Stone Soup version 0.24-a0-479-g9a978d2894 (webtiles) character file.

Game seed: 965020805668458579

9229 Anmu the Grappler (level 11, -1/101 HPs)
             Began as a Troll Berserker on July 8, 2019.
             Was a High Priest of Trog.
             Slain by a blink frog (13 damage)
             ... on level 1 of the Lair of Beasts.
             The game lasted 00:20:29 (8612 turns).

Anmu the Grappler (Troll Berserker)                 Turns: 8612, Time: 00:20:30

Health: -1/101     AC:  7    Str: 27    XL:     11   Next: 20%
Magic:  10/10      EV: 17    Int:  3    God:    Trog [*****.]
Gold:   628        SH:  4    Dex: 12    Spells: 10/10 levels left

rFire    . . .     SeeInvis .     - Unarmed
rCold    + . .     Gourm    +   (no shield)
rNeg     . . .     Faith    .   a - +0 animal skin
rPois    .         Spirit   .   (helmet restricted)
rElec    .         Reflect  +   r - +0 cloak
rCorr    .         Harm     .   (gloves unavailable)
MR       .....                  (boots unavailable)
Stlth    +.........             I - +4 amulet of reflection
HPRegen  0.66/turn              n - +4 ring of evasion
MPRegen  0.12/turn              x - ring of protection from cold

@: lightly drained
A: large, unfitting armour, claws 3, fast metabolism 3, gourmand, regeneration
1, shaggy fur 1, tough skin 3
a: Berserk, Trog's Hand, Brothers in Arms, Renounce Religion


You were on level 1 of the Lair of Beasts.
You worshipped Trog.
Trog was extremely pleased with you.
You were very full.

You visited 2 branches of the dungeon, and saw 12 of its levels.

You collected 628 gold pieces.

Inventory:

Armour
 a - a +0 animal skin (worn)
 r - a +0 cloak (worn)
Jewellery
 e - an uncursed amulet of harm
 n - a +4 ring of evasion (left claw)
 x - a ring of protection from cold (right claw)
 E - a cursed -3 ring of strength
 I - a +4 amulet of reflection (around neck)
Wands
 h - a wand of polymorph (6)
 i - a wand of enslavement (7)
 q - a wand of random effects (8)
 y - a wand of paralysis (11)
 z - a wand of disintegration (8)
 B - a wand of digging (5)
 C - a wand of iceblast (20)
 H - a wand of acid (2)
Scrolls
 c - 2 scrolls of magic mapping
 d - 3 scrolls of fog
 f - 10 scrolls of identify
 j - a scroll of remove curse
 s - 4 scrolls of enchant weapon
 t - a scroll of brand weapon {unknown}
 v - 2 scrolls of enchant armour {unknown}
 w - a scroll of blinking {unknown}
 A - a scroll of random uselessness {unknown}
 D - a scroll of noise {unknown}
 F - 3 scrolls of teleportation {unknown}
Potions
 g - a potion of heal wounds
 k - 7 potions of curing
 m - 2 potions of agility
 o - 2 potions of resistance
 p - 3 potions of flight
 u - 3 potions of brilliance
 J - a potion of might
Miscellaneous
 G - a phantom mirror
Comestibles
 b - 23 rations
 l - a chunk of flesh


   Skills:
 + Level 4.5(4.0) Fighting
 + Level 7.6(7.0) Dodging
 + Level 14.3(13.6) Unarmed Combat


You had 10 spell levels left.
You didn't know any spells.
Your spell library was empty.

Dungeon Overview and Level Annotations

Branches:
Dungeon (10/15)            Temple (0/1) D:7            Lair (2/6) D:8
    Orc (0/2) D:10
  Swamp: Lair:2-4    Shoals: Lair:2-4     Snake: Lair:2-4    Spider: Lair:2-4

Altars:
Gozag
Hepliaklqana
Kikubaaqudgha
Makhleb
Okawaru
Qazlal
Ru
Sif Muna
Xom
Yredelemnul

Shops:
D:7 :

Annotations:
D:6 2 transporters, opck's ghost, novice OpCK


Innate Abilities, Weirdness & Mutations

You are too large for most types of armour.
You have claws for hands.
Your metabolism is lightning-fast.
You like to eat raw meat.
Your natural rate of healing is unusually fast.
You are covered in fur. (AC +1)
You have extremely tough skin. (AC +3)


Message History

The spiny frog is moderately wounded.
The spiny frog stings you!!
* * * LOW HITPOINT WARNING * * *
You claw the spiny frog!
The spiny frog is severely wounded.
The spiny frog barely misses you. You block the blink frog's attack.
You scratch the spiny frog.
The spiny frog is almost dead.
The spiny frog barely misses you. The blink frog closely misses you.
You eviscerate the spiny frog!!!
You kill the spiny frog!
Trog accepts your kill. The blink frog barely misses you.
You claw the blink frog!
The blink frog is severely wounded.
The blink frog completely misses you.
You scratch the blink frog. Your claw misses the blink frog.
The blink frog is almost dead.
The blink frog hits you!
You die...

.........#......# ##..#
..8.....##......# #...#
.......###......# ##..#
8...8...........# #..#
......##........#####..##
..8....###.......#PP#...#
.........###...........##
.#####......###........#
## #.......÷.#@F.....#
##.#...÷>.†##P#...#
#....##...#####...#
#..####..## #...# ## #..#
#### #...# .#####..##
#...# .........# #...##
........## ##...P#
........# #....##


You could see a blink frog.

Vanquished Creatures
  Harold (D:7)
  A two-headed ogre (D:9)
  Pikel (D:8)
  A manticore (D:7)
  A spiny frog (Lair:1)
  A spriggan (D:8)
  5 yaks (D:9)
  Grum (D:8)
  3 water moccasins
  5 porcupines
  3 orc warriors
  A slave (D:8)
  A black bear (D:6)
  2 ice beasts
  2 sky beasts
  A necrophage (D:8)
  4 ogres
  7 wolves
  5 centaurs
  4 crocodiles (Lair:1)
  7 bullfrogs
  2 scorpions
  A water moccasin skeleton (D:8)
  8 wights
  3 howler monkeys (D:9)
  4 crimson imps
  A quasit (D:8)
  6 hounds
  2 jellies
  5 orc priests
  A bullfrog skeleton (D:9)
  2 centaur skeletons
  11 orc wizards
  3 iguanas
  5 worker ants
  2 worker ant zombies
  4 gnolls (D:9)
  13 adders
  A shadow imp (D:8)
  5 adder skeletons
  2 adder zombies
  3 worms
  A dart slug (D:1)
  3 leopard geckos
  41 orcs
  7 bats
  2 giant cockroaches
  5 goblins
  6 hobgoblins
  9 jackals
  4 kobolds
  3 quokkas
  2 ball pythons
  5 frilled lizards
  A jackal skeleton (D:5)
  A quokka skeleton (D:9)
  4 rats (D:1)
235 creatures vanquished.

Notes
Turn   | Place    | Note
-------+----------+-------------------------------------------
     0 | D:1      | Anmu the Troll Berserker began the quest for the Orb.
     0 | D:1      | Reached XP level 1. HP: 22/22 MP: 0/0
    81 | D:1      | Reached XP level 2. HP: 29/29 MP: 1/1
   202 | D:1      | Reached ** piety under Trog
   451 | D:1      | Reached XP level 3. HP: 34/36 MP: 2/2
   511 | D:2      | Found a sacrificial altar of Ru.
   526 | D:2      | Reached XP level 4. HP: 37/44 MP: 3/3
   529 | D:2      | Reached skill level 4 in Unarmed Combat
  1371 | D:3      | Found a stormy altar of Qazlal.
  1380 | D:3      | Reached XP level 5. HP: 36/53 MP: 4/4
  1610 | D:3      | Found a burning altar of Makhleb.
  1818 | D:4      | Reached skill level 5 in Unarmed Combat
  1887 | D:4      | Reached *** piety under Trog
  2270 | D:4      | Reached XP level 6. HP: 60/61 MP: 5/5
  2485 | D:4      | Reached skill level 6 in Unarmed Combat
  3027 | D:5      | Entered Level 5 of the Dungeon
  3095 | D:5      | Reached XP level 7. HP: 49/67 MP: 6/6
  3290 | D:5      | Reached skill level 7 in Unarmed Combat
  3790 | D:6      | Found an iron altar of Okawaru.
  3802 | D:6      | Reached XP level 8. HP: 75/75 MP: 7/7
  3807 | D:6      | Found an ancient bone altar of Kikubaaqudgha.
  3848 | D:6      | Found an opulent altar of Gozag.
  3880 | D:6      | Found a hazy altar of Hepliaklqana.
  3882 | D:6      | Found a shimmering altar of Xom.
  3884 | D:6      | Reached **** piety under Trog
  3884 | D:6      | Reached skill level 8 in Unarmed Combat
  3888 | D:6      | Noticed a spectral ugly thing
  3971 | D:6      | Found a transporter.
  3975 | D:6      | Reached skill level 5 in Dodging
  4081 | D:6      | Found a transporter.
  4082 | D:6      | Noticed opck's ghost (novice OpCK)
  4153 | D:6      | Found a basalt altar of Yredelemnul.
  4351 | D:7      | Found a staircase to the Ecumenical Temple.
  4369 | D:7      | Reached skill level 9 in Unarmed Combat
  4523 | D:7      | Found Taohecuc's Book Shop.
  4593 | D:7      | Noticed Harold
  4624 | D:7      | Killed Harold
  4624 | D:7      | Reached skill level 10 in Unarmed Combat
  4624 | D:7      | Reached XP level 9. HP: 68/84 MP: 8/8
  4713 | D:7      | Noticed a manticore
  4722 | D:7      | Killed a manticore
  4722 | D:7      | Reached skill level 11 in Unarmed Combat
  5269 | D:8      | Found a shimmering altar of Xom.
  5312 | D:8      | Reached ***** piety under Trog
  5415 | D:8      | Reached skill level 12 in Unarmed Combat
  5440 | D:8      | Reached XP level 10. HP: 92/92 MP: 9/9
  5536 | D:8      | Noticed Grum
  5539 | D:8      | Killed Grum
  5588 | D:8      | Received a gift from Trog
  5757 | D:8      | Found a deep blue altar of Sif Muna.
  5820 | D:8      | Found a staircase to the Lair.
  5931 | D:8      | Noticed Pikel
  5967 | D:8      | Killed Pikel
  6051 | D:9      | Reached skill level 13 in Unarmed Combat
  6456 | D:9      | Noticed a two-headed ogre
  6465 | D:9      | Killed a two-headed ogre
  6768 | D:10     | Entered Level 10 of the Dungeon
  7171 | D:10     | Found a staircase to the Orcish Mines.
  7893 | Lair:1   | Entered Level 1 of the Lair of Beasts
  7895 | Lair:1   | Reached XP level 11. HP: 79/101 MP: 10/10
  8111 | Lair:1   | Reached skill level 14 in Unarmed Combat
  8612 | Lair:1   | Slain by a blink frog

Levels and vault maps discovered:
D:1:      dpeg_arrival_rooms_with_view, layout_rooms
D:2:      minmay_chambers_of_twos, layout_rooms,
          nicolae_ru_great_annihilating_truth
D:3:      layout_basic, nicolae_overflow_crystal_walls,
          lemuel_coloured_pillars_altar
D:4:      minmay_chambers_of_threes, layout_basic, nrook_mini_backslash
D:5:      layout_basic, first_ration
D:6:      layout_rooms, regret_index_temple_of_mockery,
          overflow_temple_1_default, grunt_temple_overflow_open,
          gammafunk_ghost_mausoleum, grunt_gozag_statues
D:7:      layout_basic, minmay_temple_entry_hall, serial_shops,
          nicolae_shop_temple_entry_statues_fountains, serial_bayou_pond_b,
          minmay_microvault, uniq_harold
D:8:      layout_loops_ring, kennysheep_mini, grunt_lair_entry_orc_guard_hut,
          basic_altar, the_bakery, uniq_pikel, uniq_grum
D:9:      layout_irregular_city
D:10:     layout_layer_cave, orc_0_dummy, statue_in_the_mist_lemuel,
          chequers_serial_rivers_small_b, minivault_22,
          kennysheep_generic_room_11
Lair:1:   layout_chaotic_city, chequers_serial_rivers_small_a,
          grunt_megastairs_4
Lair:2:   regret_index_combs_of_tragedy, layout_chaotic_city,
          chequers_serial_rivers_small_b

Skill      XL: |  1  2  3  4  5  6  7  8  9 10 11 |
---------------+----------------------------------+-----
Dodging        | 3 4 5 6 7 |  7.6
Unarmed Combat | 4 5 6 7 10 12 13 14 | 14.3
Fighting       | 3 4 |  4.5

Action                   |  1- 3 |  4- 6 |  7- 9 | 10-12 || total
-------------------------+-------+-------+-------+-------++-------
Melee: Unarmed           |    74 |   146 |   229 |   200 ||   649
       Punch             |     3 |     3 |     8 |    11 ||    25
Invok: Berserk           |       |       |     1 |     3 ||     4
  Use: Potion            |       |     9 |     4 |     2 ||    15
       Scroll            |       |     7 |       |     2 ||     9
 Stab: Sleeping          |     1 |       |       |     1 ||     2
       Invisible         |       |       |       |     2 ||     2
  Eat: Chunk             |     1 |    31 |    24 |    31 ||    87
Armor: Animal skin       |    40 |    40 |    38 |    28 ||   146
Dodge: Dodged            |    54 |    77 |   153 |   161 ||   445
Block: Other             |       |       |       |    15 ||    15

Table legend:
 A = Non-vault XP
 B = Vault XP
 C = Vault XP percentage of total XP
 D = Non-vault monster count
 E = Vault monster count
 F = Vault count percentage of total count
                 A         B        C        D         E       F
            +---------+---------+-------+---------+---------+-------
      Total |    8804 |    4381 |  33.2 |     193 |      41 |  17.5
            +---------+---------+-------+---------+---------+-------
        D:1 |      39 |       5 |  11.4 |      21 |       2 |   8.7
        D:2 |      21 |      96 |  82.1 |       5 |      12 |  70.6
        D:3 |      89 |       0 |   0.0 |       9 |       0 |   0.0
        D:4 |     230 |     178 |  43.6 |      17 |       6 |  26.1
        D:5 |     550 |       0 |   0.0 |      21 |       0 |   0.0
        D:6 |     696 |       0 |   0.0 |      16 |       0 |   0.0
        D:7 |     796 |    1675 |  67.8 |      30 |       6 |  16.7
        D:8 |    1336 |    1841 |  57.9 |      26 |      10 |  27.8
        D:9 |    2638 |       0 |   0.0 |      24 |       0 |   0.0
       D:10 |     535 |     169 |  24.0 |      11 |       2 |  15.4
     Lair:1 |    1874 |     417 |  18.2 |      13 |       3 |  18.8
            +---------+---------+-------+---------+---------+-------
